 Dungeon Sprint DCSS version 0.31-a0-345-g1ebeae05c6 (webtiles) character file.

Game seed: 13368620893166623479

126 rocky1 the Ruffian (level 4, 0/41 HPs)
             Began as a Troll Shapeshifter on July 23, 2023.
             Slain by a human
             ... wielding a +0 whip
              (19 damage)
             ... in the Dungeon (Sprint III: "The Ten Rune Challenge").
             The game lasted 00:01:04 (137 turns).

rocky1 the Ruffian (Troll Shapeshifter)              Turns: 137, Time: 00:01:05

Health: 0/41       AC:  4    Str: 25    XL:     4   Next: 83%
Magic:  3/3        EV: 10    Int:  4    God:
Gold:   24         SH:  0    Dex: 10    Spells: 3/3 levels left

rFire   . .          .
                       - Unarmed
rCold   . . .        (no shield)
rNeg    . . .        a - +0 animal skin
rPois   .            (helmet currently unavailable)
rElec   .            (cloak currently unavailable)
rCorr   .            (gloves unavailable)
SInv    .            (boots unavailable)
Will    .....        (no amulet)
Stlth   +            (no ring)
HPRegen 1.06/turn    (no ring)
MPRegen 0.08/turn

%: no teleportation
@: beast-form
A: beast (slay +4), large, unfitting armour, claws 3, regeneration 1, shaggy fur
1, tough skin 1
a: Begin Untransformation


You were in the Dungeon.
You were a hulking beast.
You visited 1 branch You collected 24 gold pieces.

Inventory:

Armour
 a - a +0 animal skin (worn)
Talismans
 c - a beast talisman
Scrolls
 i - a scroll of blinking
 l - 2 scrolls of poison {unknown}
 m - a scroll of fog {unknown}
 o - a scroll of immolation {unknown}
Potions
 b - a potion of lignification
 d - a potion of curing
 e - a potion of heal wounds
 f - a potion of haste
 g - 2 potions of magic
 j - a potion of ambrosia {unknown}
 k - 4 potions of mutation {unknown}
 n - 2 potions of attraction {unknown}
 p - 2 potions of enlightenment


   Skills:
 + Level 1.2 Fighting
 + Level 2.6 Dodging
 + Level 6.8 Unarmed Combat
 + Level 6.4 Shapeshifting


You had 3 spell levels left.
You didn't know any spells.
Your spell library was empty.

Dungeon Overview and Level Annotations

Branches:
Dungeon (1/1)

Altars:


Innate Abilities, Weirdness & Mutations

You are a hulking beast.
Your limbs bulge with bestial killing power. (Slay +4)
You are too large for most types of armour.
You have claws for hands.
Your natural rate of healing is unusually fast.
You are covered in fur. (AC +1)
You have tough skin. (AC +1)


Message History

You feel yourself moving faster!
You feel mighty!
You claw the water elemental!
The water elemental is heavily damaged.
The water elemental misses you.
You mangle the water elemental!!
You destroy the water elemental!
Your Unarmed Combat skill increases to level 6!
Your Shapeshifting skill increases to level 6!
You have reached level 4!
Unknown command.
You start waiting.
You feel a strong urge to attack something.
You start waiting.
You feel your anger nearly subside.
You start waiting.
You are no longer berserk.
You are exhausted.
You feel yourself slow down.
You start waiting.
You feel yourself speed up.
You start waiting.
You hear a shout! x2
Something unseen opens the door.
You start waiting.
A human comes into view. It is wielding a +0 whip.
A human is nearby!
A human comes into view.
There is an open door to the Ecumenical Temple here.
The human misses you.
You claw the human!
The human is moderately wounded.
The human hits you with a +0 whip!
You claw the human!
The human is heavily wounded.
You recover from your berserk rage.
The human hits you with a +0 whip.
You closely miss the human.
The human is heavily wounded.
The human hits you with a +0 whip! The human hits you with a +0 whip!!
You die...

▓▓▓▓▓▓▓▓ ▓▓▓ <..#...####
##.# ...#......#####..#
..##...)...#..#..#
##.##.##...#..#.h###+#'##
##.##.###..##'#.p#.......
#.####.##..###...p.⌠p....
.###..##..####...#...####
#.....##..###....#.⌠.#
###†.##†..##.....#...#
##..##....#††....#+###
#..###..##.#.....# #..#
#..#####....#


You could see 2 humans.

Vanquished Creatures
  A water elemental (D)
  Jessica (D)
  A human (D)
  A wolf (D)
  3 rats (D)
7 creatures vanquished.

Notes
Turn   | Place    | Note
-------+----------+-------------------------------------------
     0 | D        | rocky1 the Troll Shapeshifter began the quest for the Orb.
     0 | D        | Reached XP level 1. HP: 18/18 MP: 0/0
    26 | D        | Noticed Jessica
    30 | D        | Killed Jessica
    31 | D        | Reached skill level 5 in Unarmed Combat
    31 | D        | Reached XP level 2. HP: 19/26 MP: 1/1
    64 | D        | Reached skill level 5 in Shapeshifting
    64 | D        | Reached XP level 3. HP: 31/32 MP: 2/2
    71 | D        | Reached skill level 1 in Fighting
    93 | D        | Noticed a water elemental
    96 | D        | Killed a water elemental
    97 | D        | Reached XP level 4. HP: 41/41 MP: 3/3
   130 | D        | Noticed a human
   131 | D        | Noticed a human
   137 | D        | Slain by a human

Illustrated notes

Levels and vault maps discovered:
D:        dungeon_sprint_mu [sprint_mu_entry_cave, sprint_mu_temple_rooms,
          sprint_mu_d1_horrors, sprint_mu_d2_genie, sprint_mu_d3_branching,
          sprint_mu_orc_legion, sprint_mu_elf_gauntlet, sprint_mu_hive_nellie,
          sprint_mu_lair_fedhas, sprint_mu_vaults_butterflies,
          sprint_mu_slime_circle, sprint_mu_swamp_cave, sprint_mu_shoals_archi,
          sprint_mu_blade_basic, sprint_mu_crypt_fortress,
          sprint_mu_tomb_spiral, sprint_mu_vestibule_basic,
          sprint_mu_gehenna_hellfire, sprint_mu_dis_giant,
          sprint_mu_tartarus_statrot, sprint_mu_cocytus_islands, sprint_mu_zot1]

Skill      XL: |  1  2  3 |
---------------+----------+-----
Unarmed Combat | 5 6 |  6.8
Shapeshifting  | 4 5 6 |  6.4
Dodging        | 2 |  2.6
Fighting       | 1 |  1.2

Action                     |  1- 3 |  4- 6 || total
---------------------------+-------+-------++-------
  Melee: Unarmed           |    17 |     3 ||    20
    Use: Potion            |     1 |       ||     1
  Dodge: Dodged            |     8 |     1 ||     9

Table legend: (Time is in decaauts)
 A = Elapsed time spent in this place.
 B = Non-inter-level travel time spent in this place.
 C = Inter-level travel time spent in this place.
 D = Time resting spent in this place.
 E = Time spent auto-exploring this place.
 F = Levels seen in this place.
 G = Mean time per level.
                   A        B        C        D        E       F      G
               +--------+--------+--------+--------+--------+-----+--------+
         Total |    143 |    143 |      0 |     42 |     38 |   1 |  143.0 |
       Dungeon |    143 |    143 |      0 |     42 |     38 |   1 |  143.0 |
               +--------+--------+--------+--------+--------+-----+--------+

Top non-repeatable levels by time:
       D: 143 daAuts
